 Dungeon Crawl Stone Soup version 0.30.0-5-g1a98f26d00 (webtiles) character file.

Game seed: 9337394002979671283

458538 thromnambular the Warrior (level 23, -2/244 HPs)
             Began as a Troll Warper on May 12, 2023.
             Was an Elder of Uskayaw.
             Slain by Tiamat
             ... wielding a +2 glaive of pain
              (56 damage)
             ... on level 1 of the Realm of Zot on May 13, 2023.
             The game lasted 03:52:21 (41535 turns).

thromnambular the Warrior (Troll Warper)           Turns: 41535, Time: 03:52:22

Health: -2/244     AC: 25    Str: 36    XL:     23   Next: 3%
Magic:  34/34      EV: 12    Int:  8    God:    Uskayaw [****..]
Gold:   1847       SH: 15    Dex: 18    Spells: 21/39 levels left

rFire   + +          .
                       - Unarmed
rCold   + . .        R - +2 kite shield "Taexubao" {rPois rF+ rN+}
rNeg    + . .        v - +0 storm dragon scales
rPois   +            G - +3 hat "Zeirur" {rF+ rC+ Dex+2}
rElec   +            H - +2 cloak
rCorr   +            (gloves unavailable)
SInv    .            (boots unavailable)
Will    +....        I - amulet of regeneration Stlth
                     d - ring of Xalyqop {Ice rCorr Str+4 Int-5 Slay+5}
HPRegen 2.20/turn    N - ring "Xonyre" {Fire rPois Str+3 Int+3}
MPRegen 0.24/turn

%: no passive effects
@: no status effects
A: large, unfitting armour, claws 3, regeneration 1, shaggy fur 1, tough skin 1,
thin skeletal structure 1, passive freeze, sense surroundings 1, strong 1
}: 3/15 runes: decaying, serpentine, silver
a: Renounce Religion, Stomp, Line Pass


You were on level 1 of the Realm of Zot.
You worshipped Uskayaw.
Uskayaw was pleased with you.
You visited 8 branches of the dungeon, and saw 40 of its levels.
You also visited: Ossuary, Bailey, Gauntlet and Ice Cave.

You collected 5732 gold pieces.
You spent 3885 gold pieces at shops.

Inventory:

Hand Weapons
 Q - the +9 sword of Zonguldrok {reap}
   (You found it in a bailey)
 S - the +8 trident of the Octopus King {venom, rElec rPois}
   (You found it on level 5 of the Lair of Beasts)

   rElec:     It insulates you from electricity.
   rPois:     It protects you from poison.
Missiles
 c - 5 boomerangs of dispersal
 P - 7 throwing nets
 X - 9 large rocks (quivered)
Armour
 v - +0 storm dragon scales (worn)
 x - +4 acid dragon scales
 z - +1 ice dragon scales
 G - the +3 hat "Zeirur" (worn) {rF+ rC+ Dex+2}
   (You acquired it on level 4 of the Vaults)

   Dex:       It affects your dexterity (+2).
   rF:        It protects you from fire.
   rC:        It protects you from cold.
 H - a +2 cloak (worn)
 R - the +2 kite shield "Taexubao" (worn) {rPois rF+ rN+}
   (You acquired it on level 1 of the Swamp)

   rF:        It protects you from fire.
   rPois:     It protects you from poison.
   rN:        It protects you from negative energy.
Jewellery
 d - the ring of Xalyqop (left claw) {Ice rCorr Str+4 Int-5 Slay+5}
   (You acquired it on level 14 of the Dungeon)

   [ring of ice]

   It enhances your ice magic.
   Str:       It affects your strength (+4).
   Int:       It affects your intelligence (-5).
   Slay:      It affects your accuracy & damage with ranged weapons and melee
   (+5).
   rF:        It makes you vulnerable to fire.
   rC:        It protects you from cold.
   rCorr:     It protects you from acid and corrosion.
 F - a ring of willpower
 I - an amulet of regeneration (around neck)
 N - the ring "Xonyre" (right claw) {Fire rPois Str+3 Int+3}
   (You found it on level 2 of the Orcish Mines)

   [ring of fire]

   It enhances your fire magic.
   Str:       It affects your strength (+3).
   Int:       It affects your intelligence (+3).
   rF:        It protects you from fire.
   rC:        It makes you vulnerable to cold.
   rPois:     It protects you from poison.
 V - a ring of see invisible
 Y - an amulet of guardian spirit
 Z - a ring of resist corrosion
Wands
 o - a wand of mindburst (77)
 y - a wand of iceblast (16)
 C - a wand of polymorph (35)
 K - a wand of flame (118)
 L - a wand of quicksilver (33)
 O - a wand of digging (5)
 U - a wand of paralysis (36)
Scrolls
 b - 14 scrolls of blinking
 f - 4 scrolls of fog
 g - 5 scrolls of enchant weapon
 m - 5 scrolls of brand weapon
 q - 8 scrolls of immolation
 s - 2 scrolls of fear
 t - 11 scrolls of teleportation
 u - 3 scrolls of summoning
 A - 8 scrolls of poison
 B - 9 scrolls of amnesia
 D - a scroll of magic mapping
 M - a scroll of silence
 T - 29 scrolls of identify
Potions
 a - 5 potions of ambrosia
 e - 26 potions of curing
 h - 9 potions of mutation
 i - 4 potions of flight
 j - 8 potions of resistance
 k - 9 potions of lignification
 l - 4 potions of magic
 n - 3 potions of heal wounds
 p - 11 potions of brilliance
 r - 9 potions of haste
 w - 3 potions of berserk rage
 J - 2 potions of invisibility
Miscellaneous
 E - a phial of floods
 W - a lightning rod (4/4)


   Skills:
 + Level 17.3 Fighting
 - Level 12.0 Throwing
 - Level 15.8 Armour
 + Level 10.2 Dodging
 - Level 12.3 Shields
 + Level 16.0 Unarmed Combat
 + Level 8.6 Spellcasting
 - Level 5.0 Translocations
 - Level 11.0 Transmutations
 - Level 15.6 Invocations


You had 21 spell levels left.
You knew the following spells:

 Your Spells              Type           Power      Damage    Failure   Level
a - Blink                 Tloc           22%        N/A       13%         2
b - Wereblood             Tmut           21%        N/A       1%          2
c - Manifold Assault      Tloc           11%        N/A       65%         4
d - Teleport Other        Tloc           11%        N/A       26%         3
e - Momentum Strike       Conj/Tloc      14%        3d8       36%         2
f - Blade Hands           Tmut           10%        N/A       21%         5

Your spell library contained the following spells:

 Spells                   Type           Power      Damage    Failure   Level
 Beastly Appendage        Tmut           42%        N/A       1%          1
 Lesser Beckoning         Tloc           22%        N/A       13%         2
 Spider Form              Tmut/Pois      12%        N/A       22%         3
 Gell's Gravitas          Tloc           11%        N/A       26%         3
 Ignite Poison            Fire/Tmut/Pois 13%        N/A       41%         3
 Freeze                   Ice            20%        1d4       56%         1
 Kiss of Death            Conj/Necr      12%        2d6       56%         1
 Magic Dart               Conj           12%        1d3       56%         1
 Summon Small Mammal      Summ           12%        N/A       56%         1
 Portal Projectile        Hex/Tloc       14%        N/A       58%         3
 Vhi's Electric Charge    Tloc/Air       14%        N/A       58%         3
 Cigotuvi's Dreadful Rot  Necr/Pois/Air  6%         N/A       71%         2
 Ensorcelled Hibernation  Hex/Ice        10%        N/A       71%         2
 Scorch                   Fire           10%        2d5       71%         2
 Searing Ray              Conj           6%         2d4       71%         2
 Alistair's Intoxication  Tmut/Pois      8%         N/A       89%         5
 Call Canine Familiar     Summ           3%         N/A       90%         3
 Frozen Ramparts          Ice            10%        1d2       90%         3
 Hailstorm                Conj/Ice       5%         3d4       90%         3
 Inner Flame              Hex/Fire       5%         N/A       90%         3
 Ozocubu's Armour         Ice            5%         N/A       90%         3
 Summon Guardian Golem    Hex/Summ       3%         N/A       90%         3
 Tukima's Dance           Hex            3%         N/A       90%         3
 Anguish                  Hex/Necr       1%         N/A       100%        4
 Animate Armour           Summ/Erth      6%         N/A       100%        4
 Animate Dead             Necr           3%         N/A       100%        4
 Cause Fear               Hex            1%         N/A       100%        4
 Dispel Undead            Necr           3%         3d7       100%        4
 Flame Wave               Conj/Fire      5%         2d5       100%        4
 Fulminant Prism          Conj/Hex       1%         3d5       100%        4
 Sticky Flame             Conj/Fire      5%         2d3       100%        4
 Agony                    Necr           3%         N/A       100%        5
 Borgnjor's Vile Clutch   Necr/Erth      1%         N/A       100%        5
 Fireball                 Conj/Fire      2%         3d4       100%        5
 Freezing Cloud           Conj/Ice/Air   2%         6-21      100%        5
 Metabolic Englaciation   Hex/Ice        2%         N/A       100%        5
 Summon Mana Viper        Hex/Summ       3%         N/A       100%        5
 Death Channel            Necr           1%         N/A       100%        6
 Dispersal                Tloc           5%         N/A       100%        6
 Eringya's Noxious Bog    Tmut/Pois      6%         N/A       100%        6
 Iron Shot                Conj/Erth      1%         9d1       100%        6
 Simulacrum               Ice/Necr       2%         N/A       100%        6
 Summon Cactus Giant      Summ           1%         N/A       100%        6
 Enfeeble                 Hex            1%         N/A       100%        7
 Haunt                    Necr/Summ      1%         N/A       100%        7
 Orb of Destruction       Conj           1%         9d5       100%        7
 Spellforged Servitor     Conj/Summ      1%         N/A       100%        7
 Ignition                 Fire           2%         3d3       100%        8
 Infestation              Necr           1%         N/A       100%        8
 Dragon's Call            Summ           1%         N/A       100%        9


Dungeon Overview and Level Annotations

Branches:
Dungeon (15/15)            Temple (0/1) D:4            Lair (5/5) D:9
  Swamp (4/4) Lair:3        Snake (4/4) Lair:3        Slime (0/5) Lair:4
    Orc (2/2) D:12            Elf (0/3) Orc:2        Vaults (5/5) D:14
  Crypt (0/3) Vaults:3     Depths (4/4) D:15            Zot (1/5) Depths:4
Ossuary (visited)          Bailey (visited)           IceCv (visited)
Gauntlet (visited)

Altars:
Dithmenos
Elyvilon
Fedhas
Gozag
Hepliaklqana
Kikubaaqudgha
Nemelex Xobeh
Okawaru
Qazlal
Ru
Trog
Uskayaw
Vehumet
Wu Jian
Xom
Yredelemnul
The Shining One
Jiyva
Lugonu

Shops:
D:5 [   Orc:2 :(*[   Snake:2 =   Snake:4 =:=:

Portals:
Hell: Depths:1 Depths:2 Depths:3 Depths:4
Abyss: Depths:3
Pandemonium: Depths:2
Ziggurat: Depths:2
Trove: Depths:3 (give 2 scrolls of acquirement)

Annotations:
Lair:4 exclusion: 3 oklob plants
Snake:1 2 transporters, Romunoh's ghost, adept SpBr
Snake:2 3 runed translucent doors, exclusion: obsidian statue, sleeves's ghost, adept BaSu
Zot:1 3 runed translucent doors, SnakkuSnakku7's ghost, veteran HuCA; Tiamat


Innate Abilities, Weirdness & Mutations

You are too large for most types of armour.
You have claws for hands.
Your natural rate of healing is unusually fast.
You are covered in fur. (AC +1)
You have tough skin. (AC +1)
You have a somewhat thin skeletal structure. (Dex +2, Stealth+)
A frigid envelope surrounds you and freezes all who hurt you.
You passively map a small area around you.
Your muscles are strong. (Str +4, Int/Dex -1)


Message History

Uskayaw prepares the audience for your solo!
The helpless Tiamat fails to defend herself.
You eviscerate Tiamat!!!
Tiamat is heavily wounded.
The helpless Tiamat fails to defend herself.
You mangle Tiamat!!
Tiamat is severely wounded.
The helpless Tiamat fails to defend herself.
You eviscerate Tiamat!!!
Tiamat is severely wounded.
The helpless Tiamat fails to defend herself.
You scratch Tiamat.
Tiamat is severely wounded.
The helpless Tiamat fails to defend herself.
You eviscerate Tiamat!!!
Tiamat is almost dead.
Tiamat is no longer paralysed.
The green draconian is no longer paralysed.
Tiamat breathes lightning at you. The bolt of lightning hits you! You resist.
The green draconian hits you from afar with a +0 halberd.
Uskayaw will force your foes to share their pain.
Uskayaw links your audience in an emotional bond!
Okay, then.
You claw Tiamat!
Tiamat is almost dead.
Tiamat hits you with a +2 glaive of pain!!
* * * LOW HITPOINT WARNING * * *
You writhe in agony.
* * * LOW HITPOINT WARNING * * *
Tiamat is very cold.
Tiamat is almost dead.
Tiamat tail-slaps you but does no damage.
Tiamat is very cold.
Tiamat is almost dead.
You claw Tiamat!
Tiamat is almost dead.
You block the green draconian's attack.
Tiamat hits you with a +2 glaive of pain!!!
You die...

, #..........# #.# ,,
#..........#######.# , ,
#..........'......##
#........#.....)....###.#..#J
#[....(..#....>.....# #.#..+J
, #....(...#..........#
#....+J ,
#(.......#..........# ###..+J
.. #.((.....#..........#
#..#J
...,#...(....#.d@..⌠....#
##.##
...,#....(...'(.........# #.#
##'##..(.)..(#d#........# .#
(.....((.∩[....##########
.......(.)~≈~~.# *
.......>.≈###~.# .........~#
#~.# * * ..$....!.~#** .# ,
.........~~≈~ #


You could see Tiamat (catching breath, pain bonded) and a green draconian (pain
bonded).

Vanquished Creatures
  2 ancient liches (Vaults:5)
  A dread lich (Vaults:5)
  A juggernaut (Depths:2)
  Josephina (Depths:2)
  the Lernaean hydra (Swamp:4)
  Saint Roka (Depths:2)
  Vashnia (Snake:2)
  Bai Suzhen (Snake:4)
  Nikola (Swamp:4)
  A golden dragon (Depths:4)
  A walking earthen tome (Depths:2)
  2 tentacled monstrosities
  Asterion (Vaults:2)
  3 liches
  A quicksilver dragon (Depths:4)
  5 titans (Vaults:5)
  An ancient champion (Depths:1)
  5 sphinxes
  A shadow dragon (Vaults:5)
  Agnes (Snake:2)
  Gastronok (Lair:3)
  Frances (Snake:2)
  Kirke (Lair:3)
  4 storm dragons
  4 tengu reavers
  Donald (Swamp:3)
  2 draconian knights (Depths:4)
  6 nagarajas
  9 vault wardens
  6 fire giants
  6 frost giants
  2 draconian monks (Depths:4)
  An iron dragon (Depths:4)
  Aizul (Snake:4)
  A draconian scorcher (Depths:4)
  2 draconian stormcallers (Depths:4)
  32 very ugly things
  13 ironbound preservers
  4 orc warlords
  8 stone giants
  A draconian shifter (Zot:1)
  4 draconian annihilators
  3 war gargoyles
  3 vampire knights
  A deep elf demonologist (Vaults:4)
  4 ironbound thunderhulks
  Azrael (Snake:2)
  5 dire elephants
  6 eleionomae
  4 green draconians
  3 deep elf annihilators
  2 purple draconians
  4 black draconians (Depths:4)
  5 bunyips
  6 spark wasps
  A minotaur (Gauntlet)
  6 white draconians
  3 yellow draconians (Depths:4)
  A crystal guardian (Vaults:4)
  9 ettins
  A quicksilver dragon skeleton (D:15)
  3 deep elf high priests
  The ghost of hawla the Arsonist, a journeyman MeFE of Vehumet (Orc:2)
  A merfolk impaler (Depths:3)
  An entropy weaver (Vaults:1)
  25 vault guards
  6 fire dragons
  2 salamander tyrants (Snake:4)
  10 yaktaur captains
  A hydra (shapeshifter) (Vaults:4)
  24 hydras
  3 great orbs of eyes
  3 rakshasas
  2 peacekeepers (Vaults:4)
  5 ghost crabs
  A catoblepas (Lair:3)
  3 spriggan air magi
  2 hell beasts (Depths:1)
  19 centaur warriors
  8 ironbound frosthearts
  6 ice dragons
  A merfolk avatar (Lair:5)
  7 anacondas
  7 boulder beetles
  An ogre mage (Vaults:5)
  8 alligators
  5 tengu warriors
  8 two-headed ogres
  11 death yaks
  6 deep troll shamans
  5 spriggan berserkers
  11 naga warriors
  4 orc high priests (Orc:2)
  5 deep troll earth magi
  A vampire mage (D:15)
  24 naga sharpshooters
  5 shock serpents
  10 hell knights (Depths:3)
  4 salamander mystics
  2 skysharks (Lair:5)
  11 skeletal warriors
  7 iron trolls
  A fire crab (Gauntlet)
  8 goliath frogs
  A flayed ghost (Depths:3)
  12 swamp dragons
  5 naga ritualists
  2 bunyip zombies (Swamp:1)
  10 bog bodies (Swamp:4)
  4 spriggan druids
  3 sea snakes (Snake:2)
  3 glowing orange brains
  51 deep trolls
  Pikel (D:5)
  14 ironbound convokers
  4 phantasmal warriors
  12 lindwurms
  11 orc knights
  7 wizards
  14 harpies
  An orange crystal statue (IceCv)
  An iron dragon zombie (Depths:1)
  2 deep elf pyromancers
  2 frost giant zombies
  9 necromancers
  6 mana vipers
  A faun (Lair:4)
  10 cyclopes
  62 ugly things
  A moth of wrath (Zot:1)
  A cyclops (shapeshifter) (Vaults:5)
  6 orc sorcerers (Orc:2)
  4 will-o-the-wisps
  6 manticores
  A salamander (shapeshifter) (D:13)
  10 salamanders
  A fire giant zombie (Depths:1)
  A stone giant skeleton (Vaults:1)
  8 elephants
  Maurice (D:8)
  14 naga magi
  A guardian serpent (shapeshifter) (D:14)
  An ice statue (Swamp:4)
  Joseph (D:8)
  28 black mambas
  2 guardian serpents
  13 vault sentinels
  5 gargoyles
  A spriggan zombie (D:15)
  Maggie (D:9)
  A rime drake (shapeshifter) (Vaults:5)
  12 cane toads
  An unseen horror (D:11)
  14 yaktaurs
  A minotaur zombie (Gauntlet)
  2 efreet
  20 rime drakes
  5 tengu conjurers
  A human skeleton (Vaults:1)
  2 freezing wraiths
  7 komodo dragons
  A guardian mummy (D:15)
  A red devil (Depths:2)
  A hydra zombie (Swamp:1)
  3 bloated husks
  10 trolls
  11 tyrant leeches
  A queen bee (Lair:3)
  8 meliai
  2 tarantellas (Vaults:1)
  A hornet (shapeshifter) (Vaults:1)
  9 hornets
  Grinder (D:3)
  A dream sheep (shapeshifter) (Vaults:5)
  Prince Ribbit (D:7)
  A snapping turtle (Lair:5)
  19 polar bears
  A fire giant simulacrum (Depths:2)
  23 blink frogs
  A shadow dragon simulacrum (Depths:2)
  4 dream sheep
  39 slime creatures
  A culicivora (shapeshifter) (Depths:2)
  6 flying skulls (Gauntlet)
  A slime creature (shapeshifter) (Vaults:1)
  10 spriggans
  3 wraiths
  An elf skeleton (Vaults:1)
  7 water elementals (Depths:3)
  4 shadows
  An ettin skeleton (D:15)
  10 wyverns
  A yak (shapeshifter) (D:14)
  7 basilisks
  41 yaks
  4 fire bats (Gauntlet)
  Grum (D:9)
  2 redbacks (Vaults:4)
  4 fire elementals
  3 steam dragons
  16 vampire mosquitoes
  69 nagas
  7 wargs
  20 water moccasins
  4 acid dragons
  3 hell hounds (Snake:2)
  18 swamp worms
  58 orc warriors
  2 alligator simulacra (Swamp:1)
  3 ice beasts
  4 sky beasts
  3 black bears
  8 swamp drakes
  11 ogres
  2 centaurs
  34 wolves
  A lemure (D:5)
  2 phantoms
  2 kobold brigands
  6 gnoll sergeants
  15 bullfrogs
  7 scorpions
  2 glowing shapeshifter simulacra (Depths:2)
  4 wights (D:9)
  36 killer bees
  A swamp dragon simulacrum (Swamp:1)
  4 howler monkeys
  3 electric eels
  2 lava snakes (D:15)
  13 hounds
  3 jellies
  Crazy Yiuf (D:5)
  5 gnoll boudas (D:9)
  25 orc priests
  3 sleepcaps (D:5)
  Natasha (twice) (D:2)
  29 orc wizards
  A statue (D:5)
  8 mummies (Ossuary)
  Robin (D:3)
  6 adders
  32 gnolls
  2 shadow imps (D:7)
  A white imp (D:6)
  2 ufetubi
  A dart slug (D:4)
  2 worms (D:3)
  105 orcs
  9 endoplasms
  3 giant cockroaches
  2 gnoll zombies (Ossuary)
  20 goblins
  3 hobgoblins
  4 jackals
  18 kobolds
  3 quokkas
  6 ball pythons
  7 bats
  3 frilled lizards
  2 hobgoblin zombies (Ossuary)
  2 kobold zombies (Ossuary)
  2 orc zombies (Ossuary)
  3 rats
1831 creatures vanquished.

Vanquished Creatures (collateral kills)
  Rupert (Lair:4)
1 creature vanquished.

Vanquished Creatures (others)
  2 bloated husks
  An orc (Orc:2)
  14 foxfires
17 creatures vanquished.

Grand Total: 1849 creatures vanquished

Notes
Turn   | Place    | Note
-------+----------+-------------------------------------------
     0 | D:1      | thromnambular the Troll Warper began the quest for the Orb.
     0 | D:1      | Reached XP level 1. HP: 19/19 MP: 1/1
   262 | D:1      | Reached XP level 2. HP: 27/27 MP: 2/2
  1318 | D:2      | Noticed Natasha
  1326 | D:2      | Killed Natasha
  1327 | D:2      | Reached XP level 3. HP: 20/33 MP: 3/3
  1347 | D:2      | Noticed Natasha
  1360 | D:2      | Killed Natasha
  1361 | D:2      | Reached XP level 4. HP: 20/41 MP: 4/4
  1768 | D:3      | Noticed Robin
  1775 | D:3      | Gained mutation: Your flesh is heat resistant. (rF+)
                  | [potion of mutation]
  1775 | D:3      | Gained mutation: A frigid envelope surrounds you and
                  | freezes all who hurt you. [potion of mutation]
  1782 | D:3      | Found a hide-covered altar of Uskayaw.
  1785 | D:3      | Reached skill level 5 in Unarmed Combat
  1801 | D:3      | Killed Robin
  1939 | D:3      | Noticed a phantom
  1958 | D:3      | Became a worshipper of Uskayaw the Reveller
  1962 | D:3      | Reached * piety under Uskayaw
  1964 | D:3      | Reached ** piety under Uskayaw
  1966 | D:3      | Killed a phantom
  1967 | D:3      | Reached XP level 5. HP: 42/48 MP: 5/5
  2063 | D:3      | Noticed Grinder
  2072 | D:3      | Killed Grinder
  2073 | D:3      | Reached XP level 6. HP: 55/55 MP: 6/6
  2074 | D:3      | Reached *** piety under Uskayaw
  2185 | D:3      | Found a faded altar of an unknown god.
  2228 | D:3      | Found a blossoming altar of Fedhas.
  2701 | D:4      | Found a basalt altar of Yredelemnul.
  2776 | D:4      | Reached skill level 2 in Fighting
  2776 | D:4      | Reached XP level 7. HP: 61/65 MP: 7/7
  2860 | D:4      | Found a staircase to the Ecumenical Temple.
  3125 | D:4      | Found a glowing golden altar of the Shining One.
  3326 | D:4      | Reached **** piety under Uskayaw
  3332 | D:4      | HP: 3/66 [gnoll sergeant/+2 spear of flaming (9)]
  3476 | D:5      | Entered Level 5 of the Dungeon
  3503 | D:5      | Reached skill level 3 in Fighting
  3560 | D:5      | Reached skill level 1 in Invocations
  3582 | D:5      | Reached ***** piety under Uskayaw
  3647 | D:5      | Noticed Pikel
  3660 | D:5      | Killed Pikel
  3661 | D:5      | Reached skill level 4 in Fighting
  3661 | D:5      | Reached XP level 8. HP: 66/78 MP: 7/9
  3775 | D:5      | Found a radiant altar of Vehumet.
  4022 | D:5      | Found Cuwyn's Armour Boutique.
  4066 | D:5      | Found a runed translucent door.
  4067 | D:5      | Noticed Crazy Yiuf
  4073 | D:5      | Killed Crazy Yiuf
  4290 | D:6      | Found a sand-covered staircase.
  4302 | Ossuary  | Entered an ossuary
  4338 | Ossuary  | Reached XP level 9. HP: 83/87 MP: 11/11
  4542 | D:6      | Reached skill level 5 in Fighting
  4590 | D:6      | Found a sparkling altar of Nemelex Xobeh.
  4725 | D:6      | Found a hazy altar of Hepliaklqana.
  4777 | D:6      | Found a bloodstained altar of Trog.
  4931 | D:7      | Noticed Prince Ribbit
  4946 | D:7      | Reached skill level 1 in Armour
  4950 | D:7      | Killed Prince Ribbit
  4961 | D:7      | Learned a level 2 spell: Blink
  5025 | D:7      | Found a white marble altar of Elyvilon.
  5318 | D:7      | Found a sacrificial altar of Ru.
  5333 | D:7      | Reached skill level 6 in Fighting
  5333 | D:7      | Reached skill level 10 in Unarmed Combat
  5811 | D:8      | Reached XP level 10. HP: 97/98 MP: 12/12
  6089 | D:8      | Noticed Maurice
  6099 | D:8      | Killed Maurice
  6175 | D:8      | Noticed Joseph
  6186 | D:8      | Killed Joseph
  6187 | D:8      | Reached skill level 5 in Invocations
  6640 | D:9      | Found a shadowy altar of Dithmenos.
  6787 | D:9      | Found a flagged portal.
  6794 | Bailey   | Entered a bailey
  6857 | Bailey   | Found a large runed translucent door.
  6857 | Bailey   | Found a large runed translucent door.
  6860 | Bailey   | Noticed a deep elf pyromancer
  6887 | Bailey   | Found the +9 sword of Zonguldrok {reap}
  6888 | Bailey   | Noticed an orc knight
  6905 | Bailey   | Killed an orc knight
  6929 | Bailey   | Killed a deep elf pyromancer
  7071 | D:9      | Noticed Maggie
  7280 | D:9      | Reached XP level 11. HP: 98/105 MP: 15/15
  7298 | D:9      | Reached ****** piety under Uskayaw
  7382 | D:9      | Reached skill level 1 in Shields
  7596 | D:9      | Noticed Grum
  7607 | D:9      | Killed Grum
  7817 | D:9      | Killed Maggie
  7955 | D:9      | Found a staircase to the Lair.
  8111 | D:10     | Entered Level 10 of the Dungeon
  8113 | D:10     | Noticed a two-headed ogre
  8116 | D:10     | Killed a two-headed ogre
  8188 | D:10     | Noticed a two-headed ogre
  8193 | D:10     | Killed a two-headed ogre
  8194 | D:10     | Reached skill level 5 in Shields
  8504 | D:10     | Found a shimmering altar of Xom.
  8602 | D:10     | Found a stormy altar of Qazlal.
  8730 | D:10     | Found an iron altar of Okawaru.
  8949 | D:10     | Identified the +3 flail of Doom {drain, rElec Will++ rCorr
                  | Str-2}
  8956 | D:10     | Found an ornate altar of the Wu Jian Council.
  8995 | D:11     | Noticed a two-headed ogre
  9002 | D:11     | Killed a two-headed ogre
  9020 | D:11     | Found a gate leading to a gauntlet.
  9026 | Gauntlet | Entered a Gauntlet
  9026 | Gauntlet | Noticed a fire crab
  9026 | Gauntlet | Found a transporter.
  9026 | Gauntlet | Found a transporter.
  9035 | Gauntlet | Found a transporter.
  9046 | Gauntlet | Killed a fire crab
  9052 | Gauntlet | Found a transporter.
  9055 | Gauntlet | Found a transporter.
  9064 | Gauntlet | Found a transporter.
  9070 | Gauntlet | Learned a level 2 spell: Wereblood
  9071 | Gauntlet | Noticed a tengu warrior
  9082 | Gauntlet | Killed a tengu warrior
  9083 | Gauntlet | Found a transporter.
  9086 | Gauntlet | Found a transporter.
  9122 | Gauntlet | Found a transporter.
  9127 | Gauntlet | Reached XP level 12. HP: 105/115 MP: 17/17
  9152 | Gauntlet | Found a transporter.
  9155 | Gauntlet | Noticed a minotaur
  9169 | Gauntlet | Killed a minotaur
  9283 | D:11     | Noticed a centaur warrior
  9289 | D:11     | Noticed a fire dragon
  9301 | D:11     | Killed a centaur warrior
  9302 | D:11     | Reached skill level 7 in Fighting
  9367 | D:11     | Noticed a two-headed ogre
  9385 | D:11     | Killed a two-headed ogre
  9386 | D:11     | Reached skill level 5 in Dodging
  9386 | D:11     | Noticed a boulder beetle
  9392 | D:11     | Killed a boulder beetle
  9400 | D:11     | Identified the +2 buckler "Koed Biki" {Rampage}
  9400 | D:11     | Noticed a tengu warrior
  9432 | D:11     | Noticed a boulder beetle
  9509 | D:12     | Noticed a two-headed ogre
  9530 | D:12     | Killed a two-headed ogre
  9610 | D:12     | Noticed a two-headed ogre
  9618 | D:12     | Killed a two-headed ogre
  9891 | D:12     | Found a staircase to the Orcish Mines.
 10056 | Lair:1   | Entered Level 1 of the Lair of Beasts
 10174 | Lair:1   | Reached skill level 8 in Fighting
 10228 | Lair:1   | Reached XP level 13. HP: 119/127 MP: 18/18
 10329 | Lair:1   | Reached skill level 1 in Throwing
 10398 | Lair:1   | Identified the +5 battleaxe "Yliluc Sady" {freeze, rF-
                  | Int+4}
 11496 | Lair:2   | Reached skill level 5 in Throwing
 11793 | Lair:3   | Reached skill level 10 in Shields
 11928 | Lair:3   | Found a staircase to the Swamp.
 11995 | Lair:3   | Found a staircase to the Snake Pit.
 11996 | Lair:3   | Noticed Gastronok
 12029 | Lair:3   | Killed Gastronok
 12270 | Lair:3   | Noticed Kirke
 12284 | Lair:3   | Killed Kirke
 12574 | Lair:3   | Reached XP level 14. HP: 105/136 MP: 11/19
 13134 | Lair:4   | Reached skill level 5 in Armour
 13220 | Lair:4   | Reached skill level 9 in Fighting
 13267 | Lair:4   | Found a viscous altar of Jiyva.
 13268 | Lair:4   | Found a staircase to the Slime Pits.
 13936 | Lair:4   | Noticed Rupert
 13946 | Lair:4   | Killed Rupert
 14368 | Lair:5   | Entered Level 5 of the Lair of Beasts
 14733 | Lair:5   | Reached skill level 10 in Throwing
 14780 | Lair:5   | Learned a level 4 spell: Manifold Assault
 14988 | Lair:5   | Found the +8 trident of the Octopus King {venom, rElec
                  | rPois}
 14992 | Lair:5   | Got Kikubaaqudgha's Papyrus of Skeletons
 15481 | D:11     | Reached XP level 15. HP: 103/149 MP: 20/20
 15592 | D:11     | Got the Collected Works on Support and the Ground
 15631 | D:11     | Identified the +7 glaive "Kamax" {freeze, rElec Str+7
                  | Int-5}
 15770 | D:11     | Learned a level 3 spell: Teleport Other
 15773 | D:11     | Learned a level 2 spell: Momentum Strike
 15874 | D:11     | Learned a level 5 spell: Blade Hands
 16081 | D:11     | Identified the +0 short sword of Nopoett {drain, rElec
                  | Str+2}
 16240 | D:12     | Reached skill level 1 in Transmutations
 16432 | Orc:1    | Entered Level 1 of the Orcish Mines
 16465 | Orc:2    | Entered Level 2 of the Orcish Mines
 16501 | Orc:2    | Found a shimmering altar of Xom.
 16627 | Orc:2    | Found a runed translucent gate.
 16628 | Orc:2    | Found a runed translucent gate.
 16628 | Orc:2    | Found a runed translucent gate.
 16629 | Orc:2    | Noticed hawla's ghost (journeyman MeFE)
 16941 | Orc:2    | Found Dyry's Antique Armour Shoppe.
 16942 | Orc:2    | Found Gagiac's Antique Weapon Shoppe.
 16943 | Orc:2    | Found Erydil's General Store.
 16943 | Orc:2    | Found Suuruar's Book Emporium.
 16960 | Orc:2    | Bought a potion of curing for 45 gold pieces
 16961 | Orc:2    | Bought a manual of Armour for 880 gold pieces
 17037 | Orc:2    | Reached skill level 10 in Fighting
 17336 | Orc:2    | Identified the +5 rapier "Leullocw" {freeze, *Noise
                  | *Corrode rF++ Dex+8}
 17384 | Orc:2    | Got Foatz's Grimoire of Open Graves
 17575 | Orc:2    | Killed hawla's ghost
 17582 | Orc:2    | Identified the ring "Xonyre" {Fire rPois Str+3 Int+3}
 17827 | Orc:2    | Found a staircase to the Elven Halls.
 18433 | D:13     | Identified the +2 ring mail "Nusaist" {Str+3 Dex+3}
 18915 | D:14     | Found a gate to the Vaults.
 19072 | D:14     | Identified a scroll of acquirement
 19073 | D:14     | Acquired the ring of Xalyqop {Ice rCorr Str+4 Int-5 Slay+5}
 19590 | D:14     | Reached XP level 16. HP: 161/161 MP: 21/21
 19949 | D:15     | Entered Level 15 of the Dungeon
 20255 | D:15     | Found a staircase to the Depths.
 20496 | D:15     | Reached skill level 5 in Transmutations
 21119 | Swamp:1  | Entered Level 1 of the Swamp
 21121 | Swamp:1  | Identified the +0 plate armour "Pypan" {rCorr Str+2}
 21177 | Swamp:1  | Reached skill level 11 in Fighting
 21340 | Swamp:1  | Reached skill level 10 in Armour
 21417 | Swamp:1  | Acquired the +2 kite shield "Taexubao" {rPois rF+ rN+}
 22008 | Swamp:2  | You fall into a shaft and drop 1 floor!
 22089 | Swamp:3  | Reached skill level 10 in Invocations
 22716 | Swamp:3  | Noticed Donald
 22729 | Swamp:3  | Killed Donald
 23681 | Swamp:4  | Entered Level 4 of the Swamp
 23684 | Swamp:4  | Reached XP level 17. HP: 163/172 MP: 23/23
 23757 | Swamp:4  | Found a frozen archway.
 23813 | IceCv    | Entered an ice cave
 24082 | IceCv    | Reached skill level 12 in Fighting
 24678 | Swamp:4  | Reached skill level 5 in Spellcasting
 25115 | Swamp:4  | Noticed Nikola
 25158 | Swamp:4  | Noticed the 27-headed Lernaean hydra
 25161 | Swamp:4  | Killed the 27-headed Lernaean hydra
 25171 | Swamp:4  | Got a decaying rune of Zot
 25233 | Swamp:4  | Killed Nikola
 25423 | Snake:1  | Entered Level 1 of the Snake Pit
 25656 | Snake:1  | Found a transporter.
 25659 | Snake:1  | Found a transporter.
 25742 | Snake:1  | Identified the ring "Xydoikk" {+Blink Fly}
 25803 | Snake:1  | Found a one-way gate to the infinite horrors of the Abyss.
 25803 | Snake:1  | Noticed Romunoh's ghost (adept SpBr)
 25908 | Snake:1  | Reached skill level 5 in Translocations
 26134 | Snake:2  | Reached XP level 18. HP: 156/184 MP: 25/25
 26208 | Snake:2  | Found a runed translucent gate.
 26208 | Snake:2  | Found an opulent altar of Gozag.
 26211 | Snake:2  | Found a runed translucent gate.
 26211 | Snake:2  | Found a runed translucent gate.
 26211 | Snake:2  | Noticed sleeves's ghost (adept BaSu)
 26284 | Snake:2  | Noticed Vashnia
 26332 | Snake:2  | Killed Vashnia
 26410 | Snake:2  | Found Abaisk's Jewellery Boutique.
 26515 | Snake:2  | Noticed Azrael
 26530 | Snake:2  | Killed Azrael
 26719 | Snake:2  | Noticed Agnes
 26737 | Snake:2  | Killed Agnes
 26877 | Snake:2  | Noticed Frances
 26889 | Snake:2  | Killed Frances
 27011 | Snake:2  | Reached skill level 13 in Fighting
 28158 | Snake:4  | Entered Level 4 of the Snake Pit
 28671 | Snake:4  | Noticed Aizul
 28687 | Snake:4  | Killed Aizul
 28834 | Snake:4  | Got a serpentine rune of Zot
 28906 | Snake:4  | Noticed Bai Suzhen
 28934 | Snake:4  | Killed Bai Suzhen
 28965 | Snake:4  | Found Hezoa's Vocational Training.
 28979 | Snake:4  | Bought a manual of Invocations for 1680 gold pieces
 29027 | Snake:4  | Reached XP level 19. HP: 196/196 MP: 26/26
 29116 | Snake:4  | Reached skill level 10 in Dodging
 29498 | Snake:4  | Found Diorch's Jewellery Shoppe.
 29500 | Snake:4  | Found Suchist's Book Shop.
 29501 | Snake:4  | Found Wuynajir's Jewellery Shoppe.
 29508 | Snake:4  | Bought a manual of Fighting for 1280 gold pieces
 29813 | Vaults:1 | Entered Level 1 of the Vaults
 29862 | Vaults:1 | Reached skill level 14 in Fighting
 31284 | Vaults:2 | Reached skill level 15 in Fighting
 32297 | Vaults:2 | Noticed Asterion
 32310 | Vaults:2 | Gained mutation: You occasionally lose the ability to read
                  | scrolls when taking damage. [mutagenic glow]
 32316 | Vaults:2 | Killed Asterion
 32327 | Vaults:2 | Gained mutation: You have hidden genetic defects.
                  | [mutagenic glow]
 32341 | Vaults:2 | Lost mutation: You occasionally lose the ability to read
                  | scrolls when taking damage. [mutagenic glow]
 32344 | Vaults:2 | Lost mutation: You have hidden genetic defects. [potion of
                  | mutation]
 32344 | Vaults:2 | Lost mutation: Your flesh is heat resistant. (rF+) [potion
                  | of mutation]
 32344 | Vaults:2 | Gained mutation: Your muscles are strong. (Str +4, Int/Dex
                  | -1) [potion of mutation]
 32344 | Vaults:2 | Gained mutation: You passively map a small area around you.
                  | [potion of mutation]
 32344 | Vaults:2 | Gained mutation: You have a somewhat thin skeletal
                  | structure. (Dex +2, Stealth+) [potion of mutation]
 32487 | Vaults:3 | Reached XP level 20. HP: 191/211 MP: 22/29
 33266 | Vaults:3 | Found a staircase to the Crypt.
 33731 | Vaults:4 | Found a runed translucent door.
 33796 | Vaults:4 | Reached skill level 16 in Fighting
 34481 | Vaults:4 | Reached skill level 15 in Invocations
 34789 | Vaults:4 | Identified the +4 arbalest "Eryaz" {drain, rPois rF+ Will+}
 34874 | Vaults:4 | Paralysed by a great orb of eyes for 2 turns
 34956 | Vaults:4 | Acquired the +3 hat "Zeirur" {rF+ rC+ Dex+2}
 34972 | Vaults:4 | Identified the +6 longbow of Fedhas's Anger {drain, rF+
                  | Str+5}
 35026 | Vaults:5 | Entered Level 5 of the Vaults
 35149 | Vaults:5 | Noticed a dread lich
 35150 | Vaults:5 | Killed a dread lich
 35151 | Vaults:5 | Reached skill level 17 in Fighting
 35344 | Vaults:5 | Noticed an ancient lich
 35427 | Vaults:5 | Killed an ancient lich
 35428 | Vaults:5 | Reached XP level 21. HP: 167/226 MP: 31/31
 35865 | Vaults:5 | Identified the +0 robe "Ofyole Etoc" {Regen+ Int+3
                  | Archmagi}
 35993 | Vaults:5 | Noticed an ancient lich
 36166 | Vaults:5 | Noticed an ancient lich
 36171 | Vaults:5 | Killed an ancient lich
 36208 | Vaults:5 | Got a silver rune of Zot
 36223 | Vaults:5 | Got Puregral's Volume of Unified Bombardment
 36295 | Vaults:5 | Identified the +7 glaive of Indomitability {flame, Str+2
                  | Dex+2 Stlth+}
 36608 | Depths:1 | Entered Level 1 of the Depths
 36717 | Depths:1 | Reached skill level 15 in Unarmed Combat
 36937 | Depths:1 | Found a gateway to Hell.
 37087 | Depths:1 | Reached skill level 10 in Transmutations
 37624 | Depths:1 | Found an ancient bone altar of Kikubaaqudgha.
 37784 | Depths:2 | Identified the ring "Kionuefo" {Ice Dex+3}
 37784 | Depths:2 | Noticed Josephina
 37798 | Depths:2 | Killed Josephina
 37944 | Depths:2 | Identified the +8 morningstar "Demonbane" {speed, rElec
                  | rN+++ Will- rCorr Int-5}
 37984 | Depths:2 | Noticed a juggernaut
 38007 | Depths:2 | Killed a juggernaut
 38043 | Depths:2 | Reached XP level 22. HP: 199/234 MP: 25/32
 38144 | Depths:2 | Found a one-way gateway to a ziggurat.
 38176 | Depths:2 | Noticed Saint Roka
 38203 | Depths:2 | Found a one-way gate leading to the halls of Pandemonium.
 38227 | Depths:2 | Killed Saint Roka
 38868 | Depths:2 | Identified the +7 sling of the Desolation of Salt {heavy,
                  | rElec}
 38970 | Depths:3 | Identified the ring "Veajus" {Dex+2 SInv}
 39018 | Depths:3 | Reached skill level 15 in Armour
 39197 | Depths:3 | Found a corrupted altar of Lugonu.
 39197 | Depths:3 | Found a one-way gate to the infinite horrors of the Abyss.
 39463 | Depths:3 | Found a portal to a secret trove of treasure.
 40094 | Depths:4 | Entered Level 4 of the Depths
 40135 | Depths:4 | Noticed a golden dragon
 40546 | Depths:4 | Found a hazy altar of Hepliaklqana.
 40708 | Depths:4 | Killed a golden dragon
 40735 | Depths:4 | Found a gate to the Realm of Zot.
 40748 | Zot:1    | Entered Level 1 of the Realm of Zot
 40751 | Zot:1    | Found the +4 dragonskin cloak
 40751 | Zot:1    | Noticed Tiamat
 41059 | Zot:1    | HP: 9/236 [purple draconian/bolt of dispelling
                  | energy[Tiamat] (30)]
 41219 | Depths:4 | Reached XP level 23. HP: 183/244 MP: 34/34
 41490 | Zot:1    | Found a runed translucent gate.
 41490 | Zot:1    | Found a runed translucent gate.
 41490 | Zot:1    | Found a viscous altar of Jiyva.
 41490 | Zot:1    | Found a runed translucent gate.
 41490 | Zot:1    | Noticed SnakkuSnakku7's ghost (veteran HuCA)
 41535 | Zot:1    | Slain by Tiamat

Illustrated notes

Levels and vault maps discovered:
D:1:      erik_arrival_orb_chamber, layout_loops_corners
D:2:      layout_basic, minmay_octomino_j4, uniq_natasha
D:3:      minmay_recursive_quarters, layout_loops_ring,
          nicolae_uskayaw_dance_hall, fedhas_altar_2, serial_glass,
          glass_columns_b, glass_columns_a,
          hellmonk_ecumenical_altar_slurped_away, grunt_ministairs_14,
          serial_bayou_pond_a, minmay_circle_x, uniq_robin, uniq_grinder
D:4:      layout_basic, old_standard_altar, mainiacjoe_overflow_alcove_1,
          minmay_temple_entry_purple_smoke, lightli_minifort
D:5:      layout_rooms, vehumet_statue, serial_shops, shop,
          uniq_crazy_yiuf_cottage, uniq_pikel
D:6:      layout_gridville, nemelex_xobeh_ov_fountains_minmay,
          mainiacjoe_overflow_catch_the_wave,
          lightli_ossuary_entry_decrepit_ruins
D:7:      layout_loops_corners, mainiacjoe_overflow_brackets,
          mainiacjoe_overflow_concentric_impassable, uniq_prince_ribbit1
D:8:      layout_loops_cross, chequers_serial_rivers_small_b, uniq_maurice,
          uniq_joseph
D:9:      layout_big_octagon, mainiacjoe_overflow_chevrons, erik_lair_dragon,
          enter_bailey_3, serial_gnoll_camp, gnoll_camp_medium_01,
          gnoll_camp_huts_basic, gnoll_camp_mini_loothouse, grums_kennel,
          gnoll_camp_mini_hut, gnoll_camp_mini_house, uniq_maggie
D:10:     layout_roguey, lemuel_round_altar, mainiacjoe_overflow_24_doors,
          nicolae_qazlal_eye_of_the_storm, marbit_many_paths
D:11:     minmay_the_grid_octo_tiled_squarecenter_mashed
          [minmay_the_grid_octo_focus, minmay_the_grid_octo_clover,
          minmay_the_grid_octo_empty, minmay_the_grid_octo_fat_diamond,
          minmay_the_grid_square_5x5_megaprize_checkered,
          minmay_the_grid_square_5x5_two_small,
          minmay_the_grid_square_5x5_bridge,
          minmay_the_grid_square_5x5_fancy_junction,
          minmay_the_grid_square_5x5_half_checkered], layout_basic,
          gauntlet_entry_generic
D:12:     layout_long_grid, hiddenorc1_lemuel, lightli_corner_chamber
D:13:     layout_roguey, nicolae_concentric_dashed_squares_mild
D:14:     layout_cave_pods, david_vaults_5, minmay_misc_feat_diagonals
D:15:     gammafunk_depths_entry_grave, layout_basic,
          hangedman_abyss_or_decor_clamps
Lair:1:   layout_roguey, lemuel_old_faithful
Lair:2:   layout_regular_city
Lair:3:   regret_index_combs_of_tragedy, layout_chaotic_city,
          minmay_swamp_entry_swarm, minmay_snake_entry_guardpost_large,
          serial_rivers, chequers_serial_rivers_small_3,
          chequers_serial_rivers_large_a, chequers_serial_rivers_micro_d,
          chequers_serial_rivers_micro_d, chequers_serial_rivers_micro_a,
          serial_bayou_shore_b, uniq_gastronok, uniq_kirke
Lair:4:   layout_layer_cave, minmay_slime_entry_oklob_open,
          grunt_forest_large_clearings, uniq_rupert
Lair:5:   gammafunk_lair_ancient_temple, layout_long_grid, minivault_25
Swamp:1:  layout_basic_swamp, evilmike_swamp_ruin_house_5,
          nicolae_swamp_necromancer_hut, infiniplex_staircase_pool
Swamp:2:  layout_basic_swamp, evilmike_swamp_ruin_house_6
Swamp:3:  nzn_winding_woodlands_medium [nzn_winding_woodlands_5x5_closed_star,
          nzn_winding_woodlands_5x15_twine, nzn_winding_woodlands_5x5_perimeter,
          nzn_winding_woodlands_5x5_checkerboard,
          nzn_winding_woodlands_center_garden,
          nzn_winding_woodlands_5x5_default, nzn_winding_woodlands_hourglass,
          nzn_winding_woodlands_5x15_concentric,
          nzn_winding_woodlands_5x5_default], layout_basic_swamp,
          evilmike_swamp_ruin_house_3, swamp_pool3,
          nicolae_swamp_trees_clearing, uniq_donald
Swamp:4:  grunt_swamp_rune_castle, layout_basic_swamp,
          portal_ice_cave_entry_ice_statue_one, uniq_nikola
Snake:1:  layout_basic, gammafunk_ghost_abyssal_escape
Snake:2:  layout_onion, ebering_ghost_gozag, serial_bayou_ford_a,
          grunt_megastairs_5, minmay_shop_star, uniq_frances, uniq_agnes,
          uniq_vashnia, uniq_azrael
Snake:3:  layout_cave_town
Snake:4:  minmay_snake_end_coiled, layout_cave_shapes, st_stairs_14,
          nicolae_shop_vocational, minmay_shop_grove, lemuel_fruit_tree,
          uniq_aizul, uniq_bai_suzhen
Orc:1:    layout_diamond_mine, serial_shops, nicolae_shop_advertising_works
          [nicolae_subvault_shop_adworks], nicolae_orc_lava_tube, uniq_sonja,
          uniq_jorgrun
Orc:2:    st_orc_congregation, layout_caves, gammafunk_ghost_split, basic_altar,
          minmay_orc_treasury
Vaults:1: nicolae_vaults_lightning_bolt, nicolae_vaults_meiosis,
          nicolae_vaults_storage_closets_3, vaults_dpeg_diagonal,
          nicolae_vaults_wrenched, st_lines, nicolae_vaults_ring_of_whatevers,
          vaults_standard_mumra_x, hangedman_vaults_slice,
          ontoclasm_vaults_gateway, layout_vaults_big_room
Vaults:2: ontoclasm_vaults_bender, vaults_standard_mumra_lines,
          nicolae_vaults_diagonal_hallway_8, nicolae_vaults_circle_grid_b,
          v_misc_18, nicolae_vaults_closet_pinwheel_4, nicolae_vaults_diamond_1,
          nicolae_vaults_apartment_1, nicolae_vaults_tangram_1,
          nicolae_vaults_shipping_containers_7, v_alt_pattern_6,
          nicolae_vaults_tetromino_T_1, nicolae_vaults_diagonal_hallway_7,
          vaults_room_hallway, layout_vaults_omnicross, uniq_asterion
Vaults:3: nicolae_vaults_house_2, ontoclasm_vaults_loading_screen,
          nicolae_vaults_little_squares_3, hangedman_vaults_restitches,
          vaults_room_stairs_pillars, vaults_room_fancy_cross,
          nicolae_vaults_diamond_2, v_misc_28, layout_vaults_quadrants
Vaults:4: v_rooms_1, nicolae_vaults_yaktaur_gun_rack, v_misc_2,
          nicolae_vaults_oozy_zoo, v_pattern_5, hangedman_vaults_snaps,
          nicolae_vaults_closet_pinwheel_1, vaults_mumra_lcd, v_misc_19,
          nicolae_vaults_little_squares_6, nicolae_vaults_circle_grid_b,
          layout_vaults_omnibox
Vaults:5
Depths:1: layout_cave_shapes, grunt_mini_vestibule,
          hangedman_decor_clover_reticule, serial_bayou_pond_d,
          kennysheep_decorative_pillar, kennysheep_diamond,
          lemuel_zombie_altar_kikubaaqudgha
Depths:2: kennysheep_bubble_arena, layout_basic, enter_ziggurat_c, hell_entry,
          grunt_pan_entry_zigzag, uniq_josephina, uniq_saint_roka
Depths:3: nicolae_cairo_tiling, layout_gridlike, abyss_entry_flame_altar,
          hangedman_tar_grid_catacomb, serial_bayou, serial_bayou_shore_a,
          serial_bayou_crossing, serial_bayou_shore_b, serial_bayou_lagoon_a,
          hex_tiny, nicolae_trove_entry_free_sample
Depths:4: evilmike_zot_entry_basic, layout_twisted_cross,
          nicolae_hepliaklqana_hazy_memory, grunt_hell_entry_dis_grunt,
          yredelemnul_altar_generic
Zot:1:    layout_gridlike, gammafunk_ghost_ooze,
          hangedman_zot_decor_checkerboard, nicolae_lava_and_water, uniq_tiamat

Skill      XL: |  1  2  3  4  5  6  7  8  9 10 11 12 13 14 15 16 17 18 19 20 21 22 |
---------------+-------------------------------------------------------------------+-----
Unarmed Combat | 4 5 7 8 9 10 11 13 14 15 16 | 16.0
Dodging        | 2 3 5 6 7 9 10 | 10.2
Fighting       | 2 4 6 8 9 10 11 12 13 15 17 | 17.3
Invocations    | 3 4 7 8 9 10 11 13 15 | 15.6
Armour         | 3 4 7 8 11 12 13 14 15 | 15.8
Translocations | 4 5 |  5.0
Shields        | 6 8 10 12 | 12.3
Throwing       | 8 10 12 | 12.0
Spellcasting   | 2 4 5 6 7 8 |  8.6
Transmutations | 4 5 7 9 10 11 | 11.0

Action                     |  1- 3 |  4- 6 |  7- 9 | 10-12 | 13-15 | 16-18 | 19-21 | 22-24 || total
---------------------------+-------+-------+-------+-------+-------+-------+-------+-------++-------
  Melee: Unarmed           |    51 |    97 |   224 |   483 |  1131 |   962 |  1217 |   534 ||  4699
         Punch             |     1 |     3 |     9 |    17 |       |       |     3 |    11 ||    44
  Throw: Boomerang         |       |       |       |     2 |       |       |       |       ||     2
         Javelin           |       |       |       |       |    36 |       |       |       ||    36
         Large rock        |       |       |       |       |     7 |   391 |    94 |    51 ||   543
         Throwing net      |       |       |       |       |       |     3 |       |       ||     3
   Cast: Blade Hands       |       |       |       |       |       |       |     3 |     6 ||     9
         Blink             |       |       |       |       |       |       |       |     1 ||     1
 Invoke: Stomp             |       |       |     1 |     4 |     8 |     1 |    11 |     1 ||    26
         Grand Finale      |       |       |       |     4 |     5 |     4 |    10 |       ||    23
  Evoke: Wand              |       |       |       |     3 |    21 |     6 |     5 |     2 ||    37
         Condenser vane    |       |       |       |     2 |       |       |       |       ||     2
         Phial of floods   |       |       |       |       |       |       |     1 |       ||     1
    Use: Scroll            |     1 |     2 |    14 |     9 |    10 |     8 |    15 |     5 ||    64
         Potion            |       |     2 |     5 |     2 |     3 |     2 |    15 |     1 ||    30
   Stab: Sleeping          |     1 |     3 |     2 |     1 |     1 |       |     4 |       ||    12
         Paralysed         |       |     2 |    10 |    40 |   111 |    95 |   157 |    75 ||   490
         Confused          |       |       |       |     1 |       |       |       |       ||     1
         Petrified         |       |       |       |       |     3 |       |       |       ||     3
         Distracted        |       |       |       |       |     1 |       |       |       ||     1
         Invisible         |       |       |       |       |       |       |     1 |       ||     1
 Armour: Robe              |    27 |    27 |    27 |       |       |       |       |       ||    81
         Animal skin       |       |     8 |     9 |       |       |       |       |       ||    17
         Skin              |       |       |     1 |       |       |       |       |       ||     1
         Steam dragon scal |       |       |    27 |   238 |   371 |     7 |       |       ||   643
         Acid dragon scale |       |       |       |       |       |   169 |       |       ||   169
         Ice dragon scales |       |       |       |       |       |   189 |   295 |       ||   484
         Storm dragon scal |       |       |       |       |       |       |   151 |   192 ||   343
  Dodge: Dodged            |    41 |    36 |    90 |   222 |   357 |   308 |   351 |   167 ||  1572
  Block: Kite shield       |       |       |       |   113 |   508 |   535 |   639 |   246 ||  2041
